 Dungeon Crawl Stone Soup version 0.16.1-2-g95b8d4c (webtiles) character file.

991 valak23 the Chopper (level 7, -8/58 HPs)
             Began as a Demonspawn Chaos Knight on Mar 24, 2015.
             Mangled by a small abomination (11 damage)
             ... summoned by the capriciousness of Xom
             ... on level 5 of the Dungeon.
             The game lasted 00:10:22 (3206 turns).

valak23 the Chopper (Demonspawn Chaos Knight)       Turns: 3206, Time: 00:10:22

Health: -8/58      AC: 13    Str: 14    XL:     7   Next: 98%
Magic:  7/7        EV: 14    Int: 16    God:    Xom [*.....]
Gold:   281        SH: 10    Dex: 17    Spells: 0 memorised, 6 levels left

rFire  . . .     SeeInvis .     a - +0 hand axe (chaos)
rCold  . . .     Clarity  .     o - +0 scale mail
rNeg   . . .     SustAb   +     j - +2 shield
rPois  .         Gourm    .     (no helmet)
rElec  .         Spirit   .     (no cloak)
rCorr  .         Warding  .     g - +1 pair of gloves
rMut   .         Stasis   .     (no boots)
MR     .....                    (no amulet)
Stlth  +++++.....               (no ring)
                                f - ring of sustain abilities

@: agile, not resistant to hostile enchantments, quite stealthy
A: hooves 1, iridescent scales 1, clever 1, nightstalker 3
a: Renounce Religion


You were on level 5 of the Dungeon.
You worshipped Xom.
You were a special plaything of Xom.
You were not hungry.

You visited 1 branch of the dungeon, and saw 4 of its levels.

You collected 281 gold pieces.

Inventory:

Hand weapons
 a - a +0 hand axe of chaos (weapon)
Armour
 b - a +2 leather armour
 g - a +1 pair of gloves (worn)
 j - a +2 shield (worn)
 o - a +0 scale mail (worn)
Jewellery
 f - a ring of sustain abilities (left hand)
Magical devices
 i - a wand of paralysis (15)
Scrolls
 c - 2 scrolls of fog
 h - 2 scrolls of remove curse
 l - a scroll of blinking
 p - a scroll of holy word {unknown}
 r - a scroll of enchant weapon {unknown}
 s - a scroll of amnesia
Potions
 e - 3 potions of degeneration
Comestibles
 d - a slice of pizza
 n - a bread ration


   Skills:
 + Level 6.1 Fighting
 * Level 7.8 Axes
 + Level 5.3 Armour
 + Level 4.8 Dodging
 + Level 4.6 Stealth
 + Level 1.1 Shields


You had 6 spell levels left.
You didn't know any spells.

Dungeon Overview and Level Annotations

Branches:
Dungeon (5/15)             Temple (0/1) D:4

Altars:
Elyvilon
Kikubaaqudgha
Trog
The Shining One

Shops:
D:4 %   D:5 !


Innate Abilities, Weirdness & Mutations

You have large cloven feet.
You are partially covered in iridescent scales (AC +4).
You are completely attuned to the shadows.
Your mind is acute. (Int +2)


Message History

Drink which item? (? for menu, Esc to quit)
It was a potion of restore abilities.
You feel refreshed.
Xom roars with laughter!
The small abomination hits you!
* * * LOW HITPOINT WARNING * * *
Your shield prevents you from hitting the small abomination.
The small abomination hits you but does no damage.
You block the small abomination's attack.
You closely miss the small abomination.
The small abomination hits you but does no damage.
You closely miss the small abomination. The small abomination misses you.
You closely miss the small abomination.
You kick the small abomination, but do no damage.
The small abomination barely misses you.
You block the small abomination's attack.
You hit the small abomination. You burn the small abomination.
You kick the small abomination, but do no damage.
The small abomination is lightly damaged.
The small abomination hits you!
You die...

# ##### #######
......# #.....#
......# #.....#
......# #.....#
......####.....#######
......'..'....xx@.....
......#.##....x#######
......#>##.....#
......#.##.....#
#######.##...... #####
#.#####...
....###+####
.............
.............


You could see 3 small abominations.

Vanquished Creatures
  2 ogres
  3 phantoms (D:4)
  Sigmund (D:2)
  An orc priest (D:4)
  4 orc wizards
  3 worker ants (D:4)
  An iguana (D:4)
  3 adders
  2 gnolls (D:5)
  A giant mite (D:2)
  2 worms (D:2)
  2 giant geckos
  An ooze (D:1)
  14 orcs
  3 giant cockroaches
  4 goblins
  A hobgoblin (D:5)
  6 kobolds
  A quokka (D:2)
  A ball python (D:5)
  7 bats
  3 giant newts (D:2)
  4 rats
70 creatures vanquished.

Vanquished Creatures (collateral kills)
  A centaur skeleton (D:4)
  An orc (D:4)
2 creatures vanquished.

Grand Total: 72 creatures vanquished

Notes
Turn   | Place    | Note
--------------------------------------------------------------
     0 | D:1      | valak23, the Demonspawn Chaos Knight, began the quest for the Orb.
     0 | D:1      | Reached XP level 1. HP: 18/18 MP: 1/1
    62 | D:1      | Reached skill level 1 in Dodging
    97 | D:1      | XOM: harmless Erth miscast
   276 | D:1      | Gained mutation: You are slightly more attuned to the shadows. [demonic ancestry]
   276 | D:1      | Reached XP level 2. HP: 22/24 MP: 2/2
   331 | D:1      | XOM: harmless Tloc miscast
   413 | D:1      | XOM: harmless Ice miscast
   510 | D:2      | Found a glowing golden altar of the Shining One.
   599 | D:2      | Gained mutation: You are partially covered in iridescent scales (AC +4). [demonic ancestry]
   599 | D:2      | Reached XP level 3. HP: 26/29 MP: 3/3
   733 | D:2      | Noticed Sigmund
   740 | D:2      | XOM: butterfly on damage
   760 | D:2      | Killed Sigmund
   760 | D:2      | Gained mutation: You are significantly more attuned to the shadows. [demonic ancestry]
   760 | D:2      | Reached XP level 4. HP: 23/36 MP: 4/4
   854 | D:2      | XOM: 1-stop teleportation journey
   879 | D:2      | Reached skill level 4 in Axes
   969 | D:2      | Found a white marble altar of Elyvilon.
   974 | D:2      | You fall through a shaft for 2 floors!
  1026 | D:4      | XOM: potion effect (experience)
  1026 | D:4      | Reached skill level 5 in Fighting
  1026 | D:4      | Reached skill level 7 in Axes
  1026 | D:4      | Gained mutation: You are completely attuned to the shadows. [demonic ancestry]
  1026 | D:4      | Reached XP level 5. HP: 42/46 MP: 5/5
  1031 | D:4      | Noticed an ogre
  1031 | D:4      | Reached XP level 6. HP: 47/52 MP: 6/6
  1031 | D:4      | XOM: summons friendly crimson imp
  1045 | D:4      | Killed an ogre
  1726 | D:4      | XOM: silly message
  1798 | D:4      | Gained mutation: You have large cloven feet. [demonic ancestry]
  1798 | D:4      | Reached XP level 7. HP: 28/57 MP: 7/7
  2069 | D:4      | Found a bloodstained altar of Trog.
  2070 | D:4      | Found an ancient bone altar of Kikubaaqudgha.
  2135 | D:4      | XOM: mild Hex miscast
  2297 | D:4      | Found Fypy's Food Shoppe.
  2500 | D:4      | XOM: enchant monster (good)
  2630 | D:4      | Found a staircase to the Ecumenical Temple.
  2813 | D:4      | XOM: fog
  2823 | D:4      | XOM: enchant monster (good)
  2840 | D:4      | XOM: give mutation
  2840 | D:4      | Gained mutation: Your mind is acute. (Int +2) [Xom's grace]
  2878 | D:4      | Reached skill level 5 in Armour
  2880 | D:4      | XOM: chaos cloud
  2882 | D:4      | XOM: potion effect (haste)
  2934 | D:5      | Entered Level 5 of the Dungeon
  2948 | D:5      | XOM: colour smoke trail
  3050 | D:5      | Reached skill level 1 in Shields
  3053 | D:5      | Found Qigam's Distillery.
  3143 | D:5      | XOM: butterfly on damage
  3151 | D:5      | XOM: butterfly on damage
  3198 | D:5      | XOM: medium Summ miscast
  3199 | D:5      | Noticed a small abomination
  3201 | D:5      | HP: 2/58 [small abomination[the capriciousness of Xom] (13)]
  3206 | D:5      | Mangled by a small abomination

Action                   |  1- 3 |  4- 6 |  7- 9 || total
-------------------------+-------+-------+-------++-------
Melee: Hand axe          |    89 |    87 |   170 ||   346
  Use: Scroll            |     3 |     3 |     4 ||    10
       Potion            |       |     1 |     3 ||     4
 Stab: Paralysed         |     1 |       |     1 ||     2
       Sleeping          |     1 |     2 |     5 ||     8
       Confused          |       |     1 |       ||     1
  Eat: Bread ration      |       |     1 |       ||     1
       Meat ration       |       |       |     1 ||     1
